 Dungeon Crawl Stone Soup version 0.31-a0-835-g2a3a5bc3be (webtiles) character file.

Game seed: 3497213971622338217

30 Ijustatesigmund the Firebug (level 3, -5/20 HPs)
             Began as a Deep Elf Fire Elementalist on Sept 26, 2023.
             Slain by Robin
             ... wielding a +5 club
              (6 damage)
             ... on level 1 of the Dungeon.
             The game lasted 00:02:31 (1421 turns).

Ijustatesigmund the Firebug (DEFE)                  Turns: 1421, Time: 00:02:31

Health: -5/20      AC:  2    Str:  5    XL:     3   Next: 3%
Magic:  0/10       EV: 12    Int: 21    God:
Gold:   51         SH:  0    Dex: 15    Spells: 6/9 levels left

rFire   . . .        (no weapon)
rCold   . . .        (no shield)
rNeg    . . .        a - +0 robe
rPois   .            (no helmet)
rElec   .            (no cloak)
rCorr   .            (no gloves)
SInv    .            (no boots)
Will    .....        (no amulet)
Stlth   ++           (no ring)
HPRegen 0.23/turn    (no ring)
MPRegen 0.12/turn

%: no passive effects
@: no status effects
A: no striking features
a: no special abilities


You were on level 1 of the Dungeon.
You visited 1 branch of the dungeon, and saw 2 of its levels.

You collected 51 gold pieces.

Inventory:

Armour
 a - a +0 robe (worn)
Jewellery
 f - a ring of wizardry
Scrolls
 c - a scroll of noise {unknown}
 d - a scroll of identify {unknown}
 e - a scroll of amnesia {unknown}
Potions
 b - a potion of magic


   Skills:
 + Level 0.9 Fighting
 - Level 2.4 Dodging
 - Level 2.4 Stealth
 + Level 3.5 Spellcasting
 + Level 1.8 Conjurations
 + Level 3.6 Fire Magic


You had 6 spell levels left.
You knew the following spells:

 Your Spells              Type           Power      Damage    Failure   Level
a - Foxfire               Conj/Fire      60%        2x1d7     4%          1
b - Scorch                Fire           38%        2d6       4%          2

Your spell library contained the following spells:

 Spells                   Type           Power      Damage    Failure   Level
 Inner Flame              Hex/Fire       11%        N/A       19%         3
 Volatile Blastmotes      Fire/Tloc      22%        2d11      19%         3
 Flame Wave               Conj/Fire      15%        2d7       36%         4
 Sticky Flame             Conj/Fire      15%        2d4       36%         4


Dungeon Overview and Level Annotations

Branches:
Dungeon (2/15)

Altars:

Shops:
D:1 (:(==

Annotations:
D:1 Robin
D:2 Sigmund


Message History

Casting: Foxfire (safe; 4% risk of failure)
Confirm with . or Enter, or press ? or * to list all spells.
Flames lash the bat.
You kill the bat!
You hear a shout!
You have reached level 3!
Your experience leads to an increase in your attributes!
Increase (S)trength, (I)ntelligence, or (D)exterity?
You feel clever. x2
Casting: Scorch (safe; 4% risk of failure)
Confirm with . or Enter, or press ? or * to list all spells.
Flames lash the hobgoblin.
You kill the hobgoblin!
Casting: Scorch (safe; 4% risk of failure)
Confirm with . or Enter, or press ? or * to list all spells.
Flames lash Robin.
Robin is lightly wounded.
Robin's fire resistance burns away.
A hobgoblin comes into view.
Robin hits you with a +5 club!
Robin says, "Feeling lonely?"
Robin barely misses you.
You climb upwards.
There is a stone staircase leading down, spattered with blood here.
Casting: Scorch (safe; 4% risk of failure)
Confirm with . or Enter, or press ? or * to list all spells.
Flames lash Robin.
Robin is burned terribly!
Robin is moderately wounded.
Robin barely misses you. Robin hits you with a +5 club.
Casting: Scorch (safe; 4% risk of failure)
Confirm with . or Enter, or press ? or * to list all spells.
Flames lash Robin.
Robin is burned terribly!
Robin is heavily wounded.
Robin hits you with a +5 club.
* * * LOW HITPOINT WARNING * * *
Robin says, "A pitiful Elf like you will never find the ORB!"
Robin hits you with a +5 club.
You die...
Robin calls out, "Let's celebrate!
Time for a feast!"

.##..............†.#..........#
.##.##############.#.#######.##
..............#).#.#.# #.#
.##.#########.#..#.#.# #.#
.##.# #######.##.#.#.# #.#
.##.# #....#.....#.#.# #.#
..#.# #....#.......#.# #.#
..#.###....#.#######.# #.#
..#...'........g@)..># #.#
.######.∩..#.###.##.## #.#
...............#.##.#### #.#
.............#.#.##....### #.#
.######....###.#>###...§.# #.#
## #....# #.#.##...(..# #.#
#....# #.#.##...∩.§###†## #####
#....# #.#..............# ....#
###### #.#####.....######


You could see Robin (combustible).

Vanquished Creatures
  A dart slug (D:1)
  An endoplasm (D:1)
  3 giant cockroaches (D:1)
  5 goblins
  4 hobgoblins
  A quokka (D:1)
  4 ball pythons (D:1)
  5 bats
  A kobold (D:1)
25 creatures vanquished.

Vanquished Creatures (others)
  40 foxfires
40 creatures vanquished.

Grand Total: 65 creatures vanquished

Notes
Turn   | Place    | Note
-------+----------+-------------------------------------------
     0 | D:1      | Ijustatesigmund the Deep Elf Fire Elementalist began the
                  | quest for the Orb.
     0 | D:1      | Reached XP level 1. HP: 10/10 MP: 6/6
   123 | D:1      | Found Entuarag's Jewellery Shoppe.
   217 | D:1      | Found Giphomah's Book Boutique.
   238 | D:1      | Reached XP level 2. HP: 16/16 MP: 5/8
   241 | D:1      | Learned a level 2 spell: Scorch
   345 | D:1      | Found Puvufri's Jewellery Shop.
   689 | D:1      | Found Gohirch's Antique Weapon Emporium.
   695 | D:1      | Found Acwaump's Antique Weapon Shoppe.
  1341 | D:2      | Noticed Robin
  1412 | D:2      | Reached XP level 3. HP: 18/20 MP: 7/10
  1416 | D:2      | Noticed Sigmund
  1420 | D:1      | HP: 1/20 [Robin/+5 club (6)]
  1421 | D:1      | Slain by Robin

Illustrated notes

Levels and vault maps discovered:
D:1:      dpeg_arrival_signposts, layout_basic, serial_shops, shop, shop, shop,
          shop, nicolae_shop_getting_attention
D:2:      layout_basic, basic_altar, minmay_split_cup_large, uniq_sigmund,
          uniq_robin

Action                     || total
---------------------------++-------
   Cast: Foxfire           ||    28
         Scorch            ||    13
 Armour: Robe              ||    12
  Dodge: Dodged            ||     9

Table legend: (Time is in decaauts)
 A = Elapsed time spent in this place.
 B = Non-inter-level travel time spent in this place.
 C = Inter-level travel time spent in this place.
 D = Time resting spent in this place.
 E = Time spent auto-exploring this place.
 F = Levels seen in this place.
 G = Mean time per level.
                   A        B        C        D        E       F      G
               +--------+--------+--------+--------+--------+-----+--------+
         Total |   1422 |   1361 |     61 |     93 |   1100 |   2 |  711.0 |
       Dungeon |   1422 |   1361 |     61 |     93 |   1100 |   2 |  711.0 |
               +--------+--------+--------+--------+--------+-----+--------+

Top non-repeatable levels by time:
     D:1: 1394 daAuts
     D:2: 28 daAuts
